 Dungeon Crawl Stone Soup version 0.30-a0-137-gd8773701ce (webtiles) character file.

Game seed: 16217278141814204971

407145 Flugkiller the Sorcerer (level 24, -2/173 HPs)
             Began as a Djinni Hedge Wizard on Sept 21, 2022.
             Was a Priest of Uskayaw.
             Slain by Mennas
             ... wielding a +5 trishula of holy wrath
              (13 damage)
             ... on level 2 of the Vaults on Sept 22, 2022.
             The game lasted 01:53:42 (55555 turns).

Flugkiller the Sorcerer (Djinni Hedge Wizard)      Turns: 55555, Time: 01:53:43

Health: -2/173     AC: 30    Str: 19    XL:     24   Next: 55%
Gold:   3327       EV: 13    Int: 26    God:    Uskayaw [***...] SH: 15 Dex: 21

rFire   + + +      SeeInvis .    x - staff of air
rCold   . . .      Faith    .    w - +2 kite shield
rNeg    + . .      Spirit   .    J - +7 chain mail "Guditym" {rN+}
rPois   ∞          Reflect  .    N - +1 helmet of Kindness {Str+4}
rElec   +          Harm     .    l - +0 cloak
rCorr   .          Rampage  .    y - +2 pair of gloves {Str+3}
Will    ++...                    (boots unavailable)
Stlth   ..........               c - amulet of Vazen {rF+ Regen+ Str+3}
HPRegen 1.18/turn                p - +4 ring of protection
MPRegen 0.00/turn                z - ring "Kyntugych" {Contam +Blink rC+ MP+9 Dex+6}

@: flying, hasted, glowing, silenced, very quick
A: sickness immunity, fire resistance 2, cold vulnerability 1, float, innate
caster, HP casting, extra vitality 1, wild magic 1
}: 2/15 runes: barnacled, gossamer
a: Renounce Religion, Evoke Blink


You were on level 2 of the Vaults.
You worshipped Uskayaw.
Uskayaw was pleased with you.
You visited 8 branches of the dungeon, and saw 38 of its levels.
You also visited: Volcano and Wizlab.

You collected 4740 gold pieces.
You spent 1413 gold pieces at shops.

Inventory:

Hand Weapons
 I - a +9 vampiric demon trident
   (You took it off a merfolk impaler on level 1 of the Shoals)
Armour
 l - a +0 cloak (worn)
   (You found it on level 3 of the Dungeon)
 w - a +2 kite shield (worn)
   (You took it off a vault guard on level 3 of the Vaults)
 y - a +2 pair of gloves of strength (worn)
   (You found it on level 4 of the Spider Nest)
 E - a +2 robe of the Archmagi
   (You took it off Erolcha on level 9 of the Dungeon)
 H - a +2 robe of resistance
   (You took it off an orc wizard on level 7 of the Dungeon)
 J - the +7 chain mail "Guditym" (worn) {rN+}
   (You bought it in a shop on level 2 of the Orcish Mines)

   rN:        It protects you from negative energy.
 M - the +2 hat of the Bear Spirit {Spirit, *Rage Will++}
   (You found it on level 3 of the Elven Halls)

   Going berserk makes the wearer tougher, and they're slowed less afterward.
   *Rage:     It berserks you when you make melee attacks (+20% chance).
   Will:      It greatly increases your willpower.
 N - the +1 helmet of Kindness (worn) {Str+4}
   (You found it on level 14 of the Dungeon)

   Str:       It affects your strength (+4).
Magical Staves
 x - a staff of air (weapon)
   (You found it on level 3 of the Elven Halls)
Jewellery
 a - a ring of wizardry
   (You took it off an orc on level 9 of the Dungeon)
 b - a +4 ring of protection
   (You took it off a deep elf death mage in a wizard's laboratory)
 c - the amulet of Vazen (around neck) {rF+ Regen+ Str+3}
   (You acquired it on level 9 of the Dungeon)

   [amulet of regeneration]

   Str:       It affects your strength (+3).
   rF:        It protects you from fire.
   Regen:     It increases your rate of health regeneration.
 e - the ring of Uretuv {rF+ rN+}
   (You found it on level 2 of the Spider Nest)

   [ring of protection from fire]

   rF:        It protects you from fire.
   rN:        It protects you from negative energy.
 i - a ring of see invisible
   (You found it on level 2 of the Lair of Beasts)
 m - a ring of willpower
   (You found it on level 5 of the Dungeon)
 o - the ring of Solaxar {Fire rN+ rCorr SInv Stlth+}
   (You found it in a wizard's laboratory)

   [ring of fire]

   It enhances your fire magic.
   rF:        It protects you from fire.
   rC:        It makes you vulnerable to cold.
   rN:        It protects you from negative energy.
   SInv:      It lets you see invisible.
   rCorr:     It protects you from acid and corrosion.
   Stlth:     It makes you more stealthy.
 p - a +4 ring of protection (left hand)
   (You found it on level 14 of the Dungeon)
 z - the ring "Kyntugych" (right hand) {Contam +Blink rC+ MP+9 Dex+6}
   (You found it on level 3 of the Elven Halls)

   [ring of dexterity]

   Dex:       It affects your dexterity (+6).
   rC:        It protects you from cold.
   MP:        It affects your magic capacity (+9).
   +Blink:    It lets you blink.
   Contam:    It causes magical contamination when unequipped.
 B - a ring of ice
   (You bought it in a shop on level 2 of the Orcish Mines)
 U - a +6 ring of dexterity
   (You found it on level 2 of the Lair of Beasts)
 W - a ring of wizardry
   (You found it on level 1 of the Vaults)
Wands
 G - a wand of quicksilver (6)
   (You took it off an orc wizard on level 10 of the Dungeon)
 K - a wand of roots (45)
   (You took it off Ijyb on level 3 of the Dungeon)
 P - a wand of mindburst (7)
   (You took it off Maurice on level 11 of the Dungeon)
 R - a wand of paralysis (4)
   (You found it on level 4 of the Spider Nest)
 V - a wand of digging (4)
   (You took it off a vault sentinel on level 1 of the Vaults)
Scrolls
 k - 4 scrolls of fear
 s - 10 scrolls of vulnerability
 t - 19 scrolls of teleportation
 u - a scroll of acquirement
 C - 4 scrolls of magic mapping
 L - 4 scrolls of fog
 S - 3 scrolls of immolation
 T - a scroll of summoning
 X - 2 scrolls of enchant armour
 Y - a scroll of poison
Potions
 d - 3 potions of might
 g - 6 potions of ambrosia
 h - 4 potions of haste
 j - 2 potions of mutation
 n - 4 potions of resistance
 q - 8 potions of curing
 r - a potion of cancellation
 A - 5 potions of brilliance
 D - 8 potions of attraction
 Z - 2 potions of invisibility
Miscellaneous
 f - a phantom mirror
   (You found it on level 4 of the Shoals)
 v - a box of beasts
   (You found it on level 3 of the Elven Halls)
 F - a condenser vane
   (You found it on level 14 of the Dungeon)
 O - a phial of floods
   (You found it on level 4 of the Shoals)
 Q - a tin of tremorstones (2/2)
   (You found it on level 4 of the Shoals)


   Skills:
 - Level 15.0 Fighting
 - Level 11.4 Polearms
 - Level 11.0 Armour
 - Level 11.4 Dodging
 - Level 1.5 Stealth
 + Level 10.2 Shields
 - Level 21.6 Spellcasting
 - Level 15.0 Invocations
 - Level 6.0 Evocations


You had 2 spell levels left.
You knew the following spells:

 Your Spells              Type           Power      Damage    Failure   Level
a - Magic Dart            Conj           100%       1d8       1%          1
b - Slow                  Hex            100%       N/A       1%          1
c - Call Imp              Summ           100%       N/A       1%          2
d - Cigotuvi's Dreadful   Necr/Pois/Air  100%       N/A       1%          2
e - Mephitic Cloud        Conj/Pois/Air  100%       N/A       1%          3
f - Sandblast             Erth           100%       2d20      1%          1
g - Poisonous Vapours     Pois/Air       100%       N/A       1%          2
h - Vampiric Draining     Necr           100%       2d13      1%          3
i - Irradiate             Conj/Tmut      55%        3d30      1%          5
j - Freezing Cloud        Conj/Ice/Air   67%        6-21      1%          5
k - Conjure Ball Lightni  Conj/Air       67%        3x3d25    1%          6
l - Dispersal             Tloc           55%        N/A       1%          6
m - Starburst             Conj/Fire      55%        6d15      1%          6
n - Enfeeble              Hex            55%        N/A       4%          7
r - Blink                 Tloc           100%       N/A       1%          2
I - Petrify               Tmut/Erth      100%       N/A       1%          4
P - Borgnjor's Revivific  Necr           55%        N/A       28%         8
Your spell library was empty.

Dungeon Overview and Level Annotations

Branches:
Dungeon (15/15) Zot: 24654  Temple (1/1) D:6 Zot: 5906    Lair (5/5) D:9 Zot: 23248
 Shoals (4/4) Lair:3 Zot: 19116  Spider (4/4) Lair:2 Zot: 19265   Slime (0/5) Lair:5
    Orc (2/2) D:11 Zot: 9326     Elf (3/3) Orc:2 Zot: 13999  Vaults (4/5) D:14 Zot: 16891
  Crypt (0/3) Vaults:2     Depths (0/4) D:15        Volcano (visited)
 WizLab (visited)

Altars:
Ashenzari
Cheibriados
Dithmenos
Fedhas
Gozag
Makhleb
Nemelex Xobeh
Qazlal
Ru
Trog
Uskayaw
Wu Jian
Xom
Yredelemnul
Zin
The Shining One
Jiyva

Shops:
D:4 ?   D:11 [   Orc:2 [(=(**((   Elf:1 *   Vaults:3 [

Portals:
Pandemonium: Orc:2
Trove: Vaults:2 (give +3 shadow dragon scales)

Annotations:
D:3 3 runed translucent doors, kae's ghost, weakling DEAE
D:6 2 transporters
D:11 3 runed translucent doors, qborf's ghost, novice DEFE
D:14 QuickerDeath's ghost, journeyman VSFi
Lair:5 exclusion: 3 oklob plants
Shoals:3 exclusion: ice statue
Spider:3 2 transporters, exclusion: oklob plant, gabibbone's ghost, adept BaHu
Elf:2 3 runed translucent doors, exclusion: orange crystal statue
Vaults:2 Mennas


Innate Abilities, Weirdness & Mutations

You are immune to sickness and miasma.
You are immune to poison.
Your flesh is very heat resistant. (rF++)
You are vulnerable to cold. (rC-)
You float through the air rather than walking.
You learn spells naturally, not from books.
Your magical power is your life essence.
You have superior vitality. (+4 MHP)
Your spells are a little harder to cast, but a little more powerful.


Message History

Your ball lightning completely resists.
The blast of lightning engulfs your ball lightning.
Your ball lightning completely resists.
The blast of lightning engulfs your ball lightning.
Your ball lightning completely resists.
The blast of lightning engulfs Mennas!
Mennas resists.
Mennas is heavily wounded.
You block Mennas's attack.
Mennas hits you from afar with a +5 trishula of holy wrath.
You can now pass through a line of other dancers.
Your ball lightning explodes!
The blast of lightning engulfs Mennas!
Mennas resists.
Mennas is heavily wounded.
The blast of lightning engulfs your ball lightning.
Your ball lightning completely resists.
The blast of lightning engulfs you! You resist.
The blast of lightning engulfs your ball lightning.
Your ball lightning completely resists.
Your ball lightning explodes!
The blast of lightning engulfs you. You resist.
The blast of lightning engulfs Mennas.
Mennas resists.
Mennas is heavily wounded.
The blast of lightning engulfs your ball lightning.
Your ball lightning completely resists.
You block Mennas's attack. Mennas hits you but does no damage.
Your ball lightning explodes!
The blast of lightning engulfs you. You resist.
The blast of lightning engulfs Mennas!
Mennas resists.
Mennas is severely wounded.
Things that are here:
a +0 chain mail; a +4 vorpal great sword
Casting: Conjure Ball Lightning (mildly dangerous; 1% risk of failure)
Confirm with . or Enter, or press ? or * to list all spells.
Aiming: Enfeeble (dangerous; 4% risk of failure)
Press: ? - help, Shift-Dir - straight line, f/p - Mennas
Aim: Mennas, wielding a +5 trishula of holy wrath and wearing a +0 tower shield (severely wounded, weak, magic disrupted, haloed, will inflict weakness and antimagic, chance to daze and blind: 26%)
Okay, then.
Casting: Enfeeble (dangerous; 4% risk of failure)
Confirm with . or Enter, or press ? or * to list all spells.
You feel a surge of power!
You create some ball lightning! 3 ball lightnings come into view.
Mennas gestures frantically.
Mennas is healed somewhat.
Mennas's magic is no longer disrupted.
Mennas is no longer weakened.
Mennas gestures frantically.
You are confused.
Your ball lightning explodes!
The blast of lightning engulfs Mennas!
Mennas resists.
Mennas is heavily wounded.
The blast of lightning engulfs you! You resist.
* * * LOW HITPOINT WARNING * * *
The blast of lightning engulfs your ball lightning.
Your ball lightning completely resists.
The blast of lightning engulfs your ball lightning.
Your ball lightning completely resists.
Mennas is caught in a moment of prayer.
Uskayaw will force your foes to helplessly watch your dance.
Uskayaw prepares the audience for your solo!
There is an open door here.
You see here a +0 arbalest.
You bump into the stone wall.
Unknown command.
You bump into the stone wall.
Your ball lightning explodes!
The blast of lightning engulfs you! You resist.
* * * LOW HITPOINT WARNING * * *
The blast of lightning engulfs your ball lightning.
Your ball lightning completely resists.
Unknown command.
Unknown command.
You feel better.
Mennas is no longer paralysed.
Mennas hits you from afar with a +5 trishula of holy wrath!!
* * * LOW HITPOINT WARNING * * *
Mennas closely misses you.
Okay, then.
As you read the scroll of summoning, it crumbles to dust.
Wisps of shadow whirl around you...
Mennas gestures frantically.
Mennas's surroundings become eerily quiet.
Mennas completely misses you. You block Mennas's attack.
Unknown command.
Unknown command.
You swap places.
Your ball lightning explodes!
The blast of lightning engulfs you! You resist.
* * * LOW HITPOINT WARNING * * *
The blast of lightning engulfs your vault sentinel!!!
You kill your vault sentinel!
Your vault sentinel's corpse dissolves into shadows!
The blast of lightning engulfs your ironbound convoker!!!
You kill your ironbound convoker!
Your ironbound convoker's corpse dissolves into shadows!
Uskayaw will force your foes to helplessly watch your dance.
Things that are here:
a +3 scale mail; a +0 falchion Unknown command.
You feel better. Mennas hits you but does no damage. x2
You feel yourself speed up. Mennas barely misses you.
Mennas hits you with a +5 trishula of holy wrath!
You die...

#......#..>.###....#.....#....
#......#....#)#....'.....#....
#......#.###...###)'[....#....
#......#..#)...(#..#.....#....
#......'.###...###.#.....#....
#......#....#.#...)#.....#....
#......#....###....#.....'....
########....#.#....#....^#'###
#.....@)....#..........
#######A#####..........
##...[.## #..........
#...#...# #..........
####.###.####..........
##.#...#*..#.###########
#.............# #...
#..#...#...#..# #...
#.###.###.###.# #...


You could see Mennas (silencing).

Vanquished Creatures
  Jory (Vaults:3)
  Arachne (Spider:2)
  3 deep elf master archers (Elf:3)
  Zenata (Vaults:2)
  5 deep elf blademasters (Elf:3)
  2 krakens (Shoals:1)
  4 ancient champions (WizLab)
  Gastronok (D:11)
  A sphinx (Vaults:3)
  Kirke (Spider:2)
  2 tengu reavers (Vaults:3)
  2 revenants (WizLab)
  2 storm dragons (Vaults:3)
  Ilsuiw (Shoals:3)
  A frost giant (Shoals:4)
  7 emperor scorpions (Spider:4)
  A spectral caustic shrike (WizLab)
  9 deep elf sorcerers
  2 ghost moths
  3 deep elf elementalists (Elf:3)
  9 vault wardens
  A juggernaut zombie (D:14)
  2 orc warlords
  5 very ugly things
  2 broodmothers
  21 ironbound preservers
  A reaper (D:14)
  2 war gargoyles (Vaults:3)
  4 stone giants
  7 ironbound thunderhulks
  2 deep elf demonologists
  19 dire elephants
  A vampire knight (Vaults:2)
  6 deep elf annihilators
  5 halazid warlocks (WizLab)
  A spectral titan (WizLab)
  An eidolon (WizLab)
  6 deep elf death magi
  3 spark wasps
  3 merfolk javelineers (Shoals:4)
  5 merfolk impalers
  An ettin (Vaults:3)
  A spectral quicksilver dragon (WizLab)
  5 entropy weavers
  A quicksilver dragon zombie (WizLab)
  3 deep elf high priests (Elf:3)
  10 hydras
  9 yaktaur captains
  6 great orbs of eyes
  10 vault guards
  An ogre mage (D:14)
  Erolcha (D:9)
  Erica (D:9)
  2 peacekeepers (Vaults:4)
  15 centaur warriors
  A caustic shrike simulacrum (D:14)
  An alligator snapping turtle (Shoals:4)
  5 jorogumos
  9 ironbound frosthearts
  A jorogumo (shapeshifter) (Vaults:3)
  6 merfolk avatars
  3 boulder beetles
  2 satyrs (Shoals:3)
  12 merfolk aquamancers
  2 titan zombies (WizLab)
  5 two-headed ogres
  A spectral frost giant (D:14)
  6 death yaks
  2 catoblepae
  4 radroaches
  8 dancing weapons
  3 tengu warriors
  5 orc high priests
  2 vampire magi (WizLab)
  6 hell knights
  Sonja (Lair:2)
  Nergalle (D:12)
  3 shadow wraiths (WizLab)
  6 deep elf knights
  A sun moth (Spider:4)
  3 skeletal warriors (WizLab)
  3 pharaoh ants
  6 sea snakes
  A spectral spriggan (D:14)
  Lodul (D:12)
  4 orb spiders
  10 steelbarb worms
  48 deep trolls
  13 ironbound convokers
  9 phantasmal warriors (WizLab)
  10 wizards
  15 deep elf archers
  15 orc knights
  A sphinx zombie (D:14)
  4 lindwurms (Lair:5)
  15 harpies
  26 deep elf pyromancers
  6 necromancers
  29 ugly things
  22 deep elf zephyrmancers
  13 manticores
  16 fauns
  24 wolf spiders
  3 moths of wrath
  11 orc sorcerers
  14 elephants
  6 cyclopes
  13 merfolk sirens
  Joseph (D:7)
  4 black mambas
  Maurice (D:11)
  2 centaur zombies (D:15)
  A naga mage (D:15)
  A rust devil (Orc:2)
  6 torpor snails
  7 water nymphs
  14 vault sentinels
  3 gargoyles
  10 cane toads
  5 rime drakes
  16 demonic crawlers
  Maggie (D:7)
  3 kobold demonologists
  33 yaktaurs
  An efreet (D:15)
  3 unseen horrors
  2 tengu conjurers (D:14)
  A yaktaur skeleton (Vaults:4)
  3 freezing wraiths
  A golden dragon simulacrum (D:14)
  A redback zombie (D:15)
  A spark wasp simulacrum (D:14)
  10 harpy zombies
  13 komodo dragons
  A komodo dragon (shapeshifter) (D:11)
  3 meliai (Spider:3)
  11 trolls
  An ice devil (Orc:2)
  7 wind drakes
  A queen bee (shapeshifter) (D:14)
  2 spectral harpies (WizLab)
  A guardian mummy (Vaults:2)
  A wolf spider simulacrum (D:15)
  5 hornets
  37 merfolk
  A shadow dragon simulacrum (D:14)
  A sphinx simulacrum (D:14)
  11 polar bears
  16 slime creatures
  A spriggan zombie (WizLab)
  41 tarantellas
  20 blink frogs
  5 snapping turtles
  8 dream sheep
  A human simulacrum (Vaults:4)
  A stone giant simulacrum (D:14)
  10 flying skulls (WizLab)
  A shadow (D:10)
  An ettin zombie (Vaults:4)
  A dire elephant simulacrum (D:14)
  13 spriggans
  27 jumping spiders
  24 culicivoras
  4 vampires
  9 water elementals
  An air elemental (Elf:1)
  4 wyverns
  5 wraiths
  42 yaks
  5 hogs
  A basilisk (shapeshifter) (Elf:3)
  4 basilisks
  4 fire elementals
  A minotaur simulacrum (D:14)
  55 redbacks
  10 vampire mosquitoes
  A human zombie (D:14)
  3 wargs
  2 steam dragons
  7 acid dragons
  16 water moccasins
  An ogre skeleton (Vaults:4)
  Duvessa (D:7)
  32 orc warriors
  5 black bears
  2 sky beasts
  A manticore zombie (Shoals:2)
  17 ogres
  9 boggarts
  34 wolves
  16 centaurs
  3 phantoms
  Blork the orc (D:6)
  8 kobold brigands
  15 bullfrogs
  A necrophage (D:6)
  3 gnoll sergeants
  A deep troll simulacrum (D:14)
  4 earth elementals
  4 scorpions
  3 wights
  Dowan (D:7)
  A killer bee (D:10)
  2 howler monkeys
  2 electric eels
  3 jellies
  27 orc priests
  4 gnoll boudas
  5 hounds
  3 iguanas
  20 orc wizards
  4 hell rats (Lair:2)
  21 gnolls
  4 adders
  A shadow imp (D:7)
  An ufetubus (D:6)
  A worm (D:4)
  5 dart slugs
  98 orcs
  4 bats
  3 endoplasms
  3 giant cockroaches
  4 goblins
  5 hobgoblins
  A quokka (D:1)
  6 ball pythons
  A frilled lizard (D:3)
  14 kobolds
  2 plants
  4 tentacles (Shoals:1)
1641 creatures vanquished.

Vanquished Creatures (collateral kills)
  An entropy weaver (Vaults:2)
  Ijyb (D:3)
  2 adders
  A dart slug (D:3)
  7 orcs (D:3)
  2 ball pythons
  An endoplasm (D:3)
  3 goblins (D:2)
  5 hobgoblins
  A kobold (D:3)
  A quokka (D:2)
  3 ball lightnings
28 creatures vanquished.

Vanquished Creatures (others)
  A flying skull (WizLab)
  A kobold (D:12)
  70 ball lightnings
  44 fungi
  199 plants
  12 tentacles (Shoals:1)
  9 toadstools (Lair:2)
336 creatures vanquished.

Grand Total: 2005 creatures vanquished

Notes
Turn   | Place    | Note
-------+----------+-------------------------------------------
     0 | D:1      | Flugkiller the Djinni Hedge Wizard began the quest for the
                  | Orb.
     0 | D:1      | Flugkiller set off with the following spells memorised:
                  | Magic Dart, Slow, Blink, Call Imp, Cigotuvi's Dreadful Rot,
                  | Mephitic Cloud.
     0 | D:1      | Reached XP level 1. HP: 15/15 MP: 0/0
     2 | D:1      | Noticed a troll
     4 | D:1      | Noticed an ogre
     4 | D:1      | Noticed a ghoul
     6 | D:1      | Noticed a vampire
     6 | D:1      | Noticed a gargoyle
     8 | D:1      | Noticed an elf
     8 | D:1      | Noticed a formicid
    10 | D:1      | Noticed a spriggan
    12 | D:1      | Noticed a demonspawn
    12 | D:1      | Noticed an octopode
    14 | D:1      | Noticed a palentonga
    16 | D:1      | Noticed a human
    16 | D:1      | Noticed a vine stalker
    18 | D:1      | Noticed a merfolk
    18 | D:1      | Noticed a naga
    20 | D:1      | Noticed a demigod
    20 | D:1      | Noticed a felid
    22 | D:1      | Noticed a tengu
    22 | D:1      | Noticed a meteoran
    24 | D:1      | Noticed a draconian
    24 | D:1      | Noticed an ogre
    26 | D:1      | Noticed an ogre
   278 | D:1      | Reached XP level 2. HP: 13/21 MP: 0/0
   585 | D:1      | Reached skill level 3 in Spellcasting
   963 | D:1      | HP: 1/21 [hobgoblin (3)]
   976 | D:1      | Reached XP level 3. HP: 3/25 MP: 0/0
   976 | D:1      | Learned a level 1 spell: Sandblast
  2790 | D:3      | Found a glowing silver altar of Zin.
  2853 | D:3      | Reached XP level 4. HP: 29/31 MP: 0/0
  3205 | D:3      | Found a runed translucent gate.
  3206 | D:3      | Found a runed translucent gate.
  3207 | D:3      | Found a runed translucent gate.
  3208 | D:3      | Found an opulent altar of Gozag.
  3209 | D:3      | Noticed kae's ghost (weakling DEAE)
  3361 | D:3      | Reached skill level 4 in Spellcasting
  3474 | D:3      | Noticed Ijyb
  3502 | D:3      | Killed Ijyb
  3503 | D:3      | Reached XP level 5. HP: 23/35 MP: 0/0
  3503 | D:3      | Learned a level 2 spell: Poisonous Vapours
  3510 | D:3      | Found a glowing golden altar of the Shining One.
  4048 | D:4      | Reached skill level 1 in Fighting
  4048 | D:4      | Reached skill level 1 in Evocations
  4048 | D:4      | Reached XP level 6. HP: 29/42 MP: 0/0
  4546 | D:4      | Found Fuesesm's Magic Scroll Shoppe.
  4907 | D:4      | Reached XP level 7. HP: 35/49 MP: 0/0
  4907 | D:4      | Learned a level 3 spell: Vampiric Draining
  4917 | D:4      | Reached skill level 5 in Spellcasting
  5268 | D:4      | Noticed a water moccasin
  5282 | D:4      | Killed a water moccasin
  5395 | D:5      | Entered Level 5 of the Dungeon
  5596 | D:4      | Bought a scroll of identify for 28 gold pieces
  5596 | D:4      | Bought a scroll of identify for 28 gold pieces
  5596 | D:4      | Bought a scroll of identify for 28 gold pieces
  5601 | D:4      | Bought a scroll of fear for 56 gold pieces
  5826 | D:5      | Reached XP level 8. HP: 44/56 MP: 0/0
  6390 | D:5      | Reached skill level 6 in Spellcasting
  6520 | D:5      | Found a sparkling altar of Nemelex Xobeh.
  6815 | D:6      | Found a staircase to the Ecumenical Temple.
  6845 | Temple   | Entered the Ecumenical Temple
  6868 | Temple   | Became a worshipper of Uskayaw the Reveller
  6964 | D:6      | Reached * piety under Uskayaw
  7073 | D:6      | Reached ** piety under Uskayaw
  7188 | D:6      | Reached skill level 7 in Spellcasting
  7188 | D:6      | Reached XP level 9. HP: 54/62 MP: 0/0
  7188 | D:6      | Learned a level 4 spell: Petrify
  7419 | D:6      | Found a transporter.
  7433 | D:6      | Found a transporter.
  7704 | D:6      | Noticed Blork the orc
  7713 | D:6      | Killed Blork the orc
  7727 | D:6      | Reached skill level 8 in Spellcasting
  7737 | D:6      | Reached *** piety under Uskayaw
  8728 | D:7      | Noticed Joseph
  8728 | D:7      | Noticed Duvessa
  9136 | D:7      | Reached skill level 9 in Spellcasting
  9323 | D:7      | Noticed Maggie
  9340 | D:7      | Killed Maggie
  9341 | D:7      | Reached XP level 10. HP: 54/67 MP: 0/0
  9527 | D:7      | Noticed Dowan
  9549 | D:7      | Killed Duvessa
  9550 | D:7      | Killed Dowan
 10180 | D:7      | Killed Joseph
 11534 | D:8      | Found a broken altar of Ashenzari.
 12358 | D:8      | Reached skill level 5 in Fighting
 13216 | D:9      | Noticed a two-headed ogre
 13255 | D:9      | Killed a two-headed ogre
 13256 | D:9      | Reached skill level 1 in Polearms
 13256 | D:9      | Reached skill level 5 in Dodging
 13415 | D:9      | Found a staircase to the Lair.
 13454 | D:9      | Noticed Erica
 13830 | D:9      | Reached **** piety under Uskayaw
 13832 | D:9      | Reached XP level 11. HP: 46/76 MP: 0/0
 13832 | D:9      | Learned a level 5 spell: Irradiate
 13832 | D:9      | Reached ***** piety under Uskayaw
 14217 | D:9      | Killed Erica
 14218 | D:9      | Reached skill level 10 in Spellcasting
 14393 | D:9      | Noticed Erolcha
 14396 | D:9      | Killed Erolcha
 14397 | D:9      | Reached skill level 1 in Invocations
 14449 | D:9      | Identified a scroll of acquirement
 14452 | D:9      | Acquired the amulet of Vazen {rF+ Regen+ Str+3}
 14566 | D:10     | Entered Level 10 of the Dungeon
 14616 | D:10     | Reached skill level 5 in Evocations
 14698 | D:10     | Noticed a tengu warrior
 14700 | D:10     | Noticed a centaur warrior
 14703 | D:10     | Noticed a centaur warrior
 14704 | D:10     | Noticed a cyclops
 14707 | D:10     | Noticed a manticore
 14707 | D:10     | Killed a tengu warrior
 14732 | D:10     | Killed a manticore
 14757 | D:10     | Killed a cyclops
 14757 | D:10     | Noticed a centaur warrior
 14758 | D:10     | Reached XP level 12. HP: 67/85 MP: 0/0
 14765 | D:10     | Killed a centaur warrior
 14788 | D:10     | Killed a centaur warrior
 14796 | D:10     | Killed a centaur warrior
 14797 | D:10     | Reached skill level 5 in Invocations
 15438 | D:10     | Noticed a two-headed ogre
 15503 | D:10     | Killed a two-headed ogre
 15556 | D:10     | Found a burning altar of Makhleb.
 15716 | D:10     | Reached skill level 11 in Spellcasting
 16092 | D:10     | Noticed a four-headed hydra
 16103 | D:10     | Killed a four-headed hydra
 16150 | D:10     | Noticed a centaur warrior
 16163 | D:10     | Killed a centaur warrior
 16183 | D:10     | Found the +13 scythe of Curses {drain, Drain}
 16272 | D:11     | Found Por Ydgh's Armour Emporium.
 16356 | D:11     | Found a runed translucent gate.
 16356 | D:11     | Found a runed translucent gate.
 16356 | D:11     | Found a runed translucent gate.
 16404 | D:11     | Noticed Gastronok
 16418 | D:11     | Killed Gastronok
 16419 | D:11     | Reached XP level 13. HP: 95/95 MP: 0/0
 16419 | D:11     | Learned a level 5 spell: Freezing Cloud
 16442 | D:11     | Found a staircase to the Orcish Mines.
 16511 | D:11     | Noticed Maurice
 16537 | D:11     | Killed Maurice
 16538 | D:11     | Reached skill level 10 in Fighting
 16581 | D:11     | Noticed qborf's ghost (novice DEFE)
 16622 | D:11     | Reached skill level 12 in Spellcasting
 16956 | D:11     | Found the +10 zealot's sword {holy, *Rage rN+ EV+3}
 17035 | Lair:1   | Entered Level 1 of the Lair of Beasts
 17222 | Lair:1   | You are sucked into a shaft and drop 1 floor!
 17307 | Lair:2   | Noticed Sonja
 17319 | Lair:2   | Killed Sonja
 17366 | Lair:2   | Noticed a six-headed hydra
 17381 | Lair:2   | Killed a six-headed hydra
 17557 | Lair:2   | Found a hole to the Spider Nest.
 18717 | Lair:2   | Found a runed translucent door.
 19043 | Lair:2   | Noticed a catoblepas
 19059 | Lair:2   | Killed a catoblepas
 19060 | Lair:2   | Reached XP level 14. HP: 82/103 MP: 0/0
 19120 | Lair:2   | Identified the +10 morningstar "Ultimatum" {vorpal, Int+3}
 19251 | Lair:2   | Reached skill level 10 in Dodging
 19746 | Lair:3   | Found a staircase to the Shoals.
 20799 | Lair:4   | Reached skill level 13 in Spellcasting
 21375 | Lair:5   | Entered Level 5 of the Lair of Beasts
 21465 | Lair:5   | Found a viscous altar of Jiyva.
 21564 | Lair:5   | Found a dark tunnel.
 21573 | Volcano  | Entered a volcano
 21596 | Volcano  | Reached XP level 15. HP: 83/107 MP: 0/0
 21596 | Volcano  | Learned a level 6 spell: Conjure Ball Lightning
 21624 | Volcano  | Found a bloodstained altar of Trog.
 21730 | Volcano  | Reached skill level 14 in Spellcasting
 22454 | Lair:5   | Reached skill level 15 in Spellcasting
 23019 | Lair:5   | Identified the +5 hand axe of Ulasamea {vorpal, Int+5
                  | Stlth+}
 24141 | D:12     | Noticed Lodul
 24151 | D:12     | Killed Lodul
 24321 | D:12     | Noticed Nergalle
 24328 | D:12     | Killed Nergalle
 24412 | D:12     | Reached skill level 16 in Spellcasting
 24412 | D:12     | Reached XP level 16. HP: 100/113 MP: 0/0
 25343 | D:13     | Reached XP level 17. HP: 119/119 MP: 0/0
 25343 | D:13     | Learned a level 6 spell: Dispersal
 25605 | D:14     | Reached skill level 17 in Spellcasting
 25768 | D:14     | Found a runed translucent gate.
 25768 | D:14     | Found a runed translucent gate.
 25768 | D:14     | Found a runed translucent gate.
 25772 | D:14     | Noticed QuickerDeath's ghost (journeyman VSFi)
 26607 | D:14     | Found a gate to the Vaults.
 27703 | D:15     | Entered Level 15 of the Dungeon
 28479 | D:15     | Reached skill level 18 in Spellcasting
 28677 | D:15     | Found a staircase to the Depths.
 29106 | D:14     | Identified the +1 helmet of Kindness {Str+4}
 29204 | Orc:1    | Entered Level 1 of the Orcish Mines
 29561 | Orc:2    | Entered Level 2 of the Orcish Mines
 29561 | Orc:2    | Found Qego's Weapon Boutique.
 29616 | Orc:2    | Found Pewnuo's Antique Weapon Emporium.
 29791 | Orc:2    | Found Qyaj's Antique Armour Emporium.
 29800 | Orc:2    | Reached skill level 1 in Armour
 29915 | Orc:2    | Paralysed by an orc sorcerer for 4 turns
 30061 | Orc:2    | Found Ries's Weapon Emporium.
 30085 | Orc:2    | Found a staircase to the Elven Halls.
 30278 | Orc:2    | Found Xekheydgh's General Store.
 30280 | Orc:2    | Found Usuimpyu's General Store.
 30501 | Orc:2    | Bought a potion of mutation for 112 gold pieces
 30554 | Orc:2    | Reached XP level 18. HP: 31/122 MP: 0/0
 30559 | Orc:2    | HP: 3/122 [orc priest/divine providence (14)]
 31159 | Orc:2    | Found Lukuov's Jewellery Boutique.
 31159 | Orc:2    | Found Ibediblu's Antique Weapon Shop.
 31160 | Orc:2    | Found a one-way gate leading to the halls of Pandemonium.
 31166 | Orc:2    | Bought a ring of ice for 350 gold pieces
 31205 | Orc:2    | Bought the +7 chain mail "Guditym" {rN+} for 608 gold
                  | pieces
 31721 | Spider:1 | Entered Level 1 of the Spider Nest
 31806 | Spider:1 | Identified the +5 ring mail of the Enchanted Forest {-Cast
                  | Harm rElec}
 31929 | Spider:1 | Reached skill level 5 in Armour
 32749 | Spider:2 | Noticed Arachne
 32749 | Spider:2 | Reached ****** piety under Uskayaw
 32793 | Spider:2 | Killed Arachne
 32895 | Spider:2 | Identified the ring of Uretuv {rF+ rN+}
 32966 | Spider:2 | Noticed Kirke
 33178 | Spider:2 | Killed Kirke
 33225 | Spider:2 | Identified the +0 leather armour of Ignis's Felicitations
                  | {Harm Will+ Dex-3 SInv}
 33815 | Spider:3 | Reached XP level 19. HP: 132/137 MP: 0/0
 33815 | Spider:3 | Learned a level 6 spell: Starburst
 34109 | Spider:3 | Noticed gabibbone's ghost (adept BaHu)
 34120 | Spider:3 | Found a transporter.
 34172 | Spider:3 | Identified the +1 arbalest of the Curious Dreams {penet,
                  | Int+3}
 34444 | Spider:3 | Found a transporter.
 34614 | Spider:3 | Identified the +1 ring mail of Efruufahab {Harm Int+4}
 34937 | Spider:4 | Entered Level 4 of the Spider Nest
 34945 | Spider:4 | Reached skill level 10 in Armour
 36073 | Spider:4 | Reached skill level 10 in Invocations
 36365 | Spider:4 | Got a gossamer rune of Zot
 36563 | Shoals:1 | Entered Level 1 of the Shoals
 37708 | Shoals:2 | Reached XP level 20. HP: 136/148 MP: 0/0
 38693 | Shoals:3 | Noticed Ilsuiw
 38705 | Shoals:3 | Killed Ilsuiw
 38923 | Shoals:3 | Reached skill level 15 in Fighting
 39784 | Shoals:4 | Entered Level 4 of the Shoals
 40100 | D:4      | Bought a scroll of enchant weapon for 105 gold pieces
 40101 | D:4      | Bought a scroll of fear for 56 gold pieces
 40101 | D:4      | Bought a scroll of teleportation for 42 gold pieces
 40767 | Shoals:4 | Reached skill level 5 in Polearms
 40884 | Shoals:4 | Got a barnacled rune of Zot
 41034 | Shoals:4 | Identified the +4 great mace "Qajaj" {elec, rN++ Str+9
                  | Int-4}
 41151 | Shoals:4 | Reached skill level 19 in Spellcasting
 42058 | Elf:1    | Entered Level 1 of the Elven Halls
 42142 | Elf:1    | Found Mete's Assorted Antiques.
 42369 | Elf:1    | Reached XP level 21. HP: 118/155 MP: 0/0
 42369 | Elf:1    | Learned a level 7 spell: Enfeeble
 43596 | Elf:2    | Found a runed translucent gate.
 43596 | Elf:2    | Found a runed translucent gate.
 43598 | Elf:2    | Found a runed translucent gate.
 43654 | Elf:3    | Entered Level 3 of the Elven Halls
 43682 | Elf:3    | Found a magical portal.
 43699 | WizLab   | Entered Borgnjor's Mausoleum
 45207 | WizLab   | Identified the ring of Solaxar {Fire rN+ rCorr SInv Stlth+}
 45732 | Elf:3    | Identified the +11 glaive of Wyiplivvaz {freeze, MP-9 Str+2
                  | Int+6}
 46397 | Elf:3    | Reached XP level 22. HP: 137/161 MP: 0/0
 46732 | Elf:3    | Identified the +11 flail of the Shallot {flame, Int+4}
 46733 | Elf:3    | Reached skill level 10 in Polearms
 46941 | Elf:3    | Identified the ring "Kyntugych" {Contam +Blink rC+ MP+9
                  | Dex+6}
 47061 | Elf:3    | Found the +2 hat of the Bear Spirit {Spirit, *Rage Will++}
 47400 | Elf:3    | Identified the +1 hand axe "Cehucuh" {elec, Dex+5 SInv
                  | Stlth-}
 47844 | Vaults:1 | Entered Level 1 of the Vaults
 49969 | Vaults:2 | Gained mutation: You are partially covered in iridescent
                  | scales. (AC +2) [potion of mutation]
 49969 | Vaults:2 | Gained mutation: You occasionally shout uncontrollably at
                  | your foes. [potion of mutation]
 49970 | Vaults:2 | Lost mutation: You occasionally shout uncontrollably at
                  | your foes. [potion of mutation]
 49970 | Vaults:2 | Lost mutation: You are partially covered in iridescent
                  | scales. (AC +2) [potion of mutation]
 49970 | Vaults:2 | Gained mutation: You passively dampen the noise of your
                  | surroundings. [potion of mutation]
 49970 | Vaults:2 | Gained mutation: You have a pair of small horns on your
                  | head. [potion of mutation]
 49970 | Vaults:2 | Gained mutation: You have a pair of horns on your head.
                  | [potion of mutation]
 49971 | Vaults:2 | Lost mutation: You have a pair of horns on your head.
                  | [potion of mutation]
 49971 | Vaults:2 | Lost mutation: You have a pair of small horns on your head.
                  | [potion of mutation]
 49971 | Vaults:2 | Lost mutation: You passively dampen the noise of your
                  | surroundings. [potion of mutation]
 49971 | Vaults:2 | Gained mutation: You occasionally lose the ability to read
                  | scrolls when taking damage. [potion of mutation]
 49972 | Vaults:2 | Lost mutation: You occasionally lose the ability to read
                  | scrolls when taking damage. [potion of mutation]
 49972 | Vaults:2 | Gained mutation: You expend health (3 HP) to strengthen
                  | your wands. [potion of mutation]
 49972 | Vaults:2 | Gained mutation: You are partially covered in iridescent
                  | scales. (AC +2) [potion of mutation]
 49972 | Vaults:2 | Gained mutation: You are frail. (-10% HP) [potion of
                  | mutation]
 49973 | Vaults:2 | Lost mutation: You expend health (3 HP) to strengthen your
                  | wands. [potion of mutation]
 49973 | Vaults:2 | Lost mutation: You are partially covered in iridescent
                  | scales. (AC +2) [potion of mutation]
 49973 | Vaults:2 | Gained mutation: You are dopey. (Int -2) [potion of
                  | mutation]
 49973 | Vaults:2 | Lost mutation: You are dopey. (Int -2) [potion of mutation]
 49974 | Vaults:2 | Lost mutation: You are frail. (-10% HP) [potion of
                  | mutation]
 49974 | Vaults:2 | Gained mutation: Your spells are a little harder to cast,
                  | but a little more powerful. [potion of mutation]
 50049 | Vaults:2 | Reached skill level 20 in Spellcasting
 50218 | Vaults:2 | Reached skill level 15 in Invocations
 50273 | Vaults:2 | Noticed Zenata
 50494 | Vaults:2 | Reached XP level 23. HP: 61/166 MP: 0/0
 50494 | Vaults:2 | Learned a level 8 spell: Borgnjor's Revivification
 50910 | Vaults:2 | Found a portal to a secret trove of treasure.
 51009 | Vaults:2 | Noticed Mennas
 51501 | Vaults:2 | Killed Zenata
 51676 | Vaults:2 | Found a staircase to the Crypt.
 52322 | Vaults:3 | Reached skill level 21 in Spellcasting
 52587 | Vaults:3 | Found the +9 heavy crossbow "Sniper" {vorpal, Acc+∞ SInv}
 52906 | Vaults:3 | Noticed Jory
 52912 | Vaults:3 | Killed Jory
 53162 | Vaults:3 | Found Zuosil's Armour Emporium.
 53166 | Vaults:3 | Identified the +3 battleaxe "Arentesa" {vorpal, Str+2}
 53528 | Vaults:3 | Reached skill level 1 in Shields
 53724 | Vaults:4 | Reached XP level 24. HP: 119/173 MP: 0/0
 53842 | Vaults:4 | Reached skill level 5 in Shields
 55209 | Vaults:4 | Reached skill level 10 in Shields
 55553 | Vaults:2 | HP: 4/173 [spore (14)]
 55555 | Vaults:2 | Slain by Mennas

Illustrated notes

Levels and vault maps discovered:
D:1:      kb_arrival_jail, layout_basic
D:2:      layout_loops_ring
D:3:      layout_loops_ring, lemuel_tele_altar, old_standard_altar,
          mainiacjoe_overflow_boulevard, ebering_ghost_gozag, minivault_26,
          minmay_misc_feat_chi, minmay_goblin_kobold_house, uniq_ijyb
D:4:      layout_loops_ring, hangedman_decor_peaks_small, st_stairs_9,
          nicolae_take_the_stairs, grunt_ministairs_7, kennysheep_pointless_box
D:5:      layout_cave_pools, nemelex_diamond_rough_becter
D:6:      gammafunk_steamed_eel, layout_loops_cross,
          minmay_temple_entry_statues_pillars, minmay_bent, uniq_blork_the_orc
D:7:      layout_loops_corners, uniq_maggie, uniq_joseph, uniq_duvessa
D:8:      layout_basic, mainiacjoe_overflow_paths
D:9:      layout_basic, dpeg_oklobed_lair, special_room [special_room_orc],
          minmay_misc_feat_tiny, uniq_erica, uniq_erolcha
D:10:     nzn_winding_woodlands_stair_cross
          [nzn_winding_woodlands_5x15_sawtooth,
          nzn_winding_woodlands_center_diamonds,
          nzn_winding_woodlands_5x15_longhouse, nzn_winding_woodlands_5x5_three,
          nzn_winding_woodlands_hourglass, nzn_winding_woodlands_5x15_parted,
          nzn_winding_woodlands_center_pierced_h,
          nzn_winding_woodlands_5x15_zeroes], layout_basic,
          gammafunk_temple_overflow_statue, serial_curves, eino_curves_01,
          eino_curves_04, minmay_librarian
D:11:     layout_rooms, kennysheep_orc_monster_closet_entryway, serial_shops,
          nicolae_shop_stone, gammafunk_ghost_icy, grunt_potential,
          uniq_gastronok, uniq_maurice
D:12:     layout_rooms, uniq_nergalle, uniq_lodul
D:13:     layout_grid_maze
D:14:     dreamdust_isle_of_ice, layout_cave_pools,
          grunt_vaults_entry_fortified, nicolae_sif_muna_condensation,
          gammafunk_ghost_necromancy, serial_column_ruins,
          column_ruins_columns_dead_end, column_ruins_grid_1,
          column_ruins_open_small, column_ruins_open_tiny,
          column_ruins_open_medium_water, column_ruins_corridor_T,
          column_ruins_grid_1
D:15:     grunt_enter_depths_magical_seal, layout_cross, serial_park_tiny_1,
          feat_on_display
Temple:   nicolae_temple_bog_church
Lair:1:   layout_roguey, serial_bayou_shore_b
Lair:2:   gammafunk_lair_enchanted_lake, layout_concentric_octagons,
          nicolae_spider_entry_orb_guardian, minivault_23, uniq_sonja
Lair:3:   layout_gridlike, elwin_shoals_entry_rocks, grunt_megastairs_1
Lair:4:   layout_cave_pods, grunt_forest_large_clearing_hut
Lair:5:   minmay_lair_end_enchanted_forest, layout_regular_city,
          minmay_slime_entry_oklob_open, enter_volcano_2, minmay_lindwurm_lava
Shoals:1: layout_shoals, nicolae_splish_splash
Shoals:2: layout_shoals, nicolae_shoals_undead_eyrie
Shoals:3: layout_shoals, serial_shops, statue_bzr, uniq_ilsuiw
Shoals:4: shoals_end_grunt_ice, layout_shoals, shoals_ilsuiw_ice
Spider:1: layout_spider_delve, nicolae_spider_eight_legs
Spider:2: layout_spider_delve, uniq_arachne, uniq_kirke
Spider:3: layout_chambers, nzn_ghost_randoct
Spider:4: grunt_spider_rune_circles
Orc:1:    layout_caves
Orc:2:    pf_orc_diabolical, layout_caves, basic_altar, serial_shops,
          nicolae_shop_bloodbath_and_beyond, nicolae_shop_advertising_works
          [nicolae_subvault_shop_adworks], nicolae_shop_stone,
          nicolae_lakefront_shop
Elf:1:    nicolae_elf_arrival_fired_up, layout_gridlike, basic_altar,
          serial_shops, shop, minmay_elf_demonology, st_stairs_2,
          grunt_megastairs_2
Elf:2:    nicolae_elf_blades_splatter_lattice [nicolae_blade_entry_antechamber],
          layout_geoelf_diagonals, minivault_16
Elf:3:    minmay_elf_hall, layout_gridlike, mu_enter_wizlab_6
Vaults:1: ontoclasm_vaults_gateway, nicolae_vaults_theta, st_spiral_rooms,
          ontoclasm_vaults_shuriken, vaults_mumra_lcd, ontoclasm_vaults_fault,
          layout_vaults_chaotic_city
Vaults:2: nicolae_vaults_what_the_h, nicolae_vaults_big_angled_halls, v_misc_2,
          vaults_room_semicircle, nicolae_vaults_circle_grid_b,
          vaults_standard_mumra_lines, ontoclasm_vaults_bender,
          minmay_crypt_entry_vampire_xt, hangedman_vaults_corner,
          nicolae_vaults_three_branches, nicolae_vaults_mini_display_case,
          layout_vaults_ring, nicolae_trove_entry_path_of_doom, uniq_mennas,
          uniq_margery, uniq_zenata
Vaults:3: hangedman_vaults_capsules, nicolae_vaults_rhombus_7,
          nicolae_vaults_inception_statues, vaults_dpeg_doors, v_rooms_1,
          minmay_guarded_unrand_secular_launcher, grunt_vaults_focal,
          layout_vaults_maze_snakey, serial_shops, nicolae_shop_waterfront,
          uniq_jory
Vaults:4: vaults_dpeg_spiral, vaults_mumra_bighexcomb,
          ontoclasm_vaults_ring_square, nicolae_vaults_rhombus_7,
          ontoclasm_vaults_chip, vaults_mumra_chevron, grunt_vaults_diagonal,
          ontoclasm_vaults_twist, dpeg_vaults_monster_row, v_misc_8,
          nicolae_vaults_little_squares_1, hangedman_vaults_nails,
          vaults_mumra_minichess_inversion, nicolae_vaults_rhombus_7,
          vaults_mumra_hex, layout_vaults_omnicross

Skill      XL: |  1  2  3  4  5  6  7  8  9 10 11 12 13 14 15 16 17 18 19 20 21 22 23 24 |
---------------+-------------------------------------------------------------------------+-----
Spellcasting   | 3 4 5 7 9 10 11 12 13 16 18 19 20 21 | 21.6
Fighting       | 1 2 3 4 6 7 9 10 12 14 15 | 15.0
Evocations     | 1 2 3 4 5 6 |  6.0
Dodging        | 5 6 9 11 | 11.4
Polearms       | 2 4 6 9 11 | 11.4
Invocations    | 4 6 8 9 10 12 13 15 | 15.0
Armour         | 2 8 11 | 11.0
Shields        | 4 10 | 10.2
Stealth        | |  1.5

Action                   |  1- 3 |  4- 6 |  7- 9 | 10-12 | 13-15 | 16-18 | 19-21 | 22-24 || total
-------------------------+-------+-------+-------+-------+-------+-------+-------+-------++-------
Melee: Dagger            |     7 |       |       |       |       |       |       |       ||     7
       Short sword       |     2 |    35 |    18 |       |       |       |       |       ||    55
       Punch             |       |     1 |       |     2 |     6 |     5 |     1 |     1 ||    16
       Long sword        |       |       |     8 |    21 |       |       |       |       ||    29
       Trident           |       |       |       |    98 |   350 |   396 |    11 |       ||   855
       Unarmed           |       |       |       |       |       |     8 |       |       ||     8
       Demon trident     |       |       |       |       |       |       |    68 |    18 ||    86
       Glaive            |       |       |       |       |       |       |    13 |     7 ||    20
       Staff             |       |       |       |       |       |       |       |     3 ||     3
 Cast: Magic Dart        |    57 |    36 |    46 |       |     2 |    11 |       |       ||   152
       Call Imp          |    16 |    17 |     1 |     1 |       |       |       |       ||    35
       Slow              |     2 |       |     3 |       |       |     2 |       |       ||     7
       Mephitic Cloud    |       |     7 |     4 |    12 |     2 |       |       |       ||    25
       Sandblast         |       |    10 |    37 |     9 |     2 |    39 |       |       ||    97
       Poisonous Vapours |       |       |    75 |   139 |    34 |    10 |     4 |       ||   262
       Vampiric Draining |       |       |    55 |    62 |   166 |   168 |   110 |       ||   561
       Blink             |       |       |     1 |       |     1 |       |       |       ||     2
       Petrify           |       |       |     2 |     6 |     1 |       |       |       ||     9
       Irradiate         |       |       |       |    29 |    57 |   102 |    18 |    20 ||   226
       Freezing Cloud    |       |       |       |       |    77 |   111 |    11 |    16 ||   215
       Conjure Ball Ligh |       |       |       |       |     2 |     4 |     1 |    23 ||    30
       Dispersal         |       |       |       |       |       |    11 |       |     3 ||    14
       Starburst         |       |       |       |       |       |       |   629 |   423 ||  1052
       Enfeeble          |       |       |       |       |       |       |    12 |     9 ||    21
Evoke: Wand              |       |       |       |     1 |       |     6 |     6 |     2 ||    15
       Condenser vane    |       |       |       |       |       |     1 |     2 |       ||     3
       Phial of floods   |       |       |       |       |       |       |     2 |       ||     2
       Tin of tremorston |       |       |       |       |       |       |     1 |     1 ||     2
  Use: Scroll            |     2 |     5 |     6 |    15 |     3 |     7 |    18 |     6 ||    62
       Potion            |       |       |       |     1 |     1 |     9 |     6 |    19 ||    36
 Stab: Confused          |       |     2 |       |     1 |       |       |       |       ||     3
       Distracted        |       |     1 |     1 |       |     2 |     2 |     1 |       ||     7
       Paralysed         |       |       |       |     4 |    19 |    24 |     9 |     1 ||    57
       Sleeping          |       |       |       |     1 |     2 |       |     2 |       ||     5
       Petrified         |       |       |       |       |     2 |       |       |       ||     2
Armor: Robe              |     5 |    10 |    12 |    88 |   130 |    90 |    69 |    11 ||   415
       Chain mail        |       |       |       |       |       |   270 |   139 |    91 ||   500
Dodge: Dodged            |    23 |    34 |    66 |   128 |   593 |   719 |   396 |   128 ||  2087
Block: Kite shield       |       |       |       |       |       |       |       |    37 ||    37

Table legend: (Time is in decaauts)
 A = Elapsed time spent in this place.
 B = Non-inter-level travel time spent in this place.
 C = Inter-level travel time spent in this place.
 D = Time resting spent in this place.
 E = Time spent auto-exploring this place.
 F = Levels seen in this place.
 G = Mean time per level.
                   A        B        C        D        E       F      G
               +--------+--------+--------+--------+--------+-----+--------+
         Total |  55750 |  51855 |   3895 |  17774 |  21983 |  40 | 1393.8 |
       Dungeon |  23429 |  21904 |   1525 |   8315 |   9128 |  15 | 1561.9 |
        Temple |     93 |     60 |     33 |      0 |     37 |   1 |   93.0 |
          Lair |   6751 |   6008 |    743 |   1265 |   3313 |   5 | 1350.2 |
        Shoals |   4883 |   4534 |    349 |   1314 |   2095 |   4 | 1220.8 |
   Spider Nest |   4734 |   4598 |    136 |   1241 |   1932 |   4 | 1183.5 |
  Orcish Mines |   2673 |   2187 |    486 |    686 |    855 |   2 | 1336.5 |
   Elven Halls |   4000 |   3628 |    372 |   1247 |   1331 |   3 | 1333.3 |
        Vaults |   7107 |   6857 |    250 |   2663 |   2996 |   4 | 1776.8 |
       Volcano |    407 |    407 |      0 |    151 |     62 |   1 |  407.0 |
        Wizlab |   1669 |   1669 |      0 |    892 |    234 |   1 | 1669.0 |
               +--------+--------+--------+--------+--------+-----+--------+

Top non-repeatable levels by time:
     D:7: 2996 daAuts
    D:14: 2973 daAuts
   Orc:2: 2293 daAuts
   Elf:3: 2171 daAuts
     D:9: 2144 daAuts
     D:4: 2035 daAuts
Vaults:2: 1972 daAuts
Vaults:4: 1879 daAuts
  Lair:2: 1771 daAuts
  Lair:5: 1761 daAuts
Spider:3: 1729 daAuts
     D:1: 1706 daAuts
  WizLab: 1669 daAuts
Vaults:1: 1660 daAuts
     D:6: 1648 daAuts
